TOP OF THE 1ST |
Saskatoon Smokin' Guns batting - Pitching for Colorado Commanders : RHP José Deleón
|
Pitching: RHP José Deleón
|
|
Batting: LHB Alejandro Rojas
|
0-0: Ball 1-0: Foul Ball, location: 2F 1-1: SINGLE (Groundball, 5D)
|
Batting: RHB Rijk de Rade
|
0-0: Ball 1-0: Ball 2-0: Called Strike 2-1: Called Strike 2-2: Ball Wild Pitch! Alejandro Rojas to second 3-2: Strikes out swinging
|
Batting: LHB Raúl Casillán
|
0-0: Ball 1-0: Called Strike 1-1: Fly out, F9 (Flyball, 89D) Runner from 2nd tags up, SAFE at 3rd, no throw
|
Batting: LHB José Liñares
|
0-0: Ball 1-0: Ball 2-0: DOUBLE (Flyball, 89XD) Alejandro Rojas scores
|
Batting: RHB César Rodríguez
|
0-0: Ball 1-0: Called Strike 1-1: Called Strike 1-2: Foul Ball, location: 2F 1-2: Fly out, F6 (Line Drive, 6M)
|
Top of the 1st over - 1 run(s), 2 hit(s), 0 error(s), 1 left on base; Saskatoon 1 - Colorado 0 |
BOTTOM OF THE 1ST |
Colorado Commanders batting - Pitching for Saskatoon Smokin' Guns : LHP Macy Catron
|
Pitching: LHP Macy Catron
|
|
Batting: RHB David Ward
|
0-0: Called Strike 0-1: Foul Ball, location: 2F 0-2: Foul Ball, location: 2F 0-2: Strikes out looking
|
Batting: RHB Carlos Hernández
|
0-0: Fly out, F6 (Popup, 15)
|
Batting: RHB Adam Reeves
|
0-0: Called Strike 0-1: Called Strike 0-2: Foul Ball, location: 2F 0-2: Ball 1-2: Strikes out looking
|
Bottom of the 1st over - 0 run(s), 0 hit(s), 0 error(s), 0 left on base; Saskatoon 1 - Colorado 0 |
TOP OF THE 2ND |
Saskatoon Smokin' Guns batting - Pitching for Colorado Commanders : RHP José Deleón
|
Batting: LHB Russell Peck
|
0-0: Called Strike 0-1: Fly out, F7 (Popup, 56D)
|
Batting: RHB Ben Fisher
|
0-0: Ball 1-0: Called Strike 1-1: Ball 2-1: Ball 3-1: Called Strike 3-2: Base on Balls
|
Batting: LHB Bo Rush
|
0-0: Called Strike 0-1: Ball 1-1: Foul Ball, location: 2F 1-2: Strikes out looking
|
Batting: RHB Zack Flint
|
0-0: Called Strike 0-1: Ball 1-1: Swinging Strike 1-2: Foul Ball, location: 2F 1-2: Hit by Pitch Ben Fisher to second
|
Batting: LHB Alejandro Rojas
|
0-0: Called Strike 0-1: Swinging Strike 0-2: Strikes out swinging
|
Top of the 2nd over - 0 run(s), 0 hit(s), 0 error(s), 2 left on base; Saskatoon 1 - Colorado 0 |
BOTTOM OF THE 2ND |
Colorado Commanders batting - Pitching for Saskatoon Smokin' Guns : LHP Macy Catron
|
Batting: LHB José Diharce
|
0-0: Fly out, F8 (Flyball, 8LS)
|
Batting: RHB Nick Crosby
|
0-0: Ball 1-0: Fly out, F9 (Flyball, 89S)
|
Batting: RHB Frank Martínez
|
0-0: Called Strike 0-1: Called Strike 0-2: SOLO HOME RUN (Flyball, 78XD), Distance : 402 ft
|
Batting: RHB Tony Barton
|
0-0: Ball 1-0: Ball 2-0: Ball 3-0: Called Strike 3-1: Base on Balls
|
Batting: RHB Randall Luna
|
0-0: Called Strike 0-1: Foul Ball, location: 2F 0-2: Strikes out swinging
|
Bottom of the 2nd over - 1 run(s), 1 hit(s), 0 error(s), 1 left on base; Saskatoon 1 - Colorado 1 |
TOP OF THE 3RD |
Saskatoon Smokin' Guns batting - Pitching for Colorado Commanders : RHP José Deleón
|
Batting: RHB Rijk de Rade
|
0-0: Ball 1-0: Foul Ball, location: 2F 1-1: Ball 2-1: Ball 3-1: Foul Ball, location: 2F 3-2: Base on Balls
|
Batting: LHB Raúl Casillán
|
0-0: DOUBLE (Flyball, 78XD) Rijk de Rade to third
|
Batting: LHB José Liñares
|
0-0: Ball 1-0: Fly out, F7 (Flyball, 78S)
|
Batting: RHB César Rodríguez
|
0-0: Ball 1-0: Ball 2-0: Called Strike 2-1: Foul Ball, location: 2F 2-2: Strikes out swinging
|
Batting: LHB Russell Peck
|
0-0: Foul Ball, location: 2F 0-1: SINGLE (Flyball, 8RS) Rijk de Rade scores Raúl Casillán to third Runner from 3rd tries for Home, SAFE, no throw or cutoff
|
Batting: RHB Ben Fisher
|
0-0: Called Strike 0-1: Called Strike 0-2: Foul Ball, location: 2F 0-2: Strikes out swinging
|
Top of the 3rd over - 2 run(s), 2 hit(s), 0 error(s), 1 left on base; Saskatoon 3 - Colorado 1 |
BOTTOM OF THE 3RD |
Colorado Commanders batting - Pitching for Saskatoon Smokin' Guns : LHP Macy Catron
|
Batting: RHB Chris Rice
|
0-0: Ball 1-0: Called Strike 1-1: Foul Ball, location: 2F 1-2: Fly out, F9 (Line Drive, 89M)
|
Batting: RHB David Ward
|
0-0: Ball 1-0: Ball 2-0: SINGLE (Groundball, 4D)
|
Batting: RHB Carlos Hernández
|
0-0: Ball 1-0: Swinging Strike 1-1: Swinging Strike 1-2: Foul Ball, location: 2F 1-2: Fly out, F7 (Line Drive, 78M)
|
Batting: RHB Adam Reeves
|
0-0: Swinging Strike 0-1: Ball 1-1: Fly out, F9 (Flyball, 9M)
|
Bottom of the 3rd over - 0 run(s), 1 hit(s), 0 error(s), 1 left on base; Saskatoon 3 - Colorado 1 |
TOP OF THE 4TH |
Saskatoon Smokin' Guns batting - Pitching for Colorado Commanders : RHP José Deleón
|
Batting: LHB Bo Rush
|
0-0: Ball 1-0: DOUBLE (Line Drive, 8RD)
|
Batting: RHB Zack Flint
|
0-0: Ball 1-0: Foul Ball, location: 2F 1-1: Ball 2-1: Foul Ball, location: 2F 2-2: SINGLE (Groundball, 56) Bo Rush to third
|
Batting: LHB Alejandro Rojas
|
0-0: Swinging Strike 0-1: Grounds into double play, U4-3 (Groundball, 4) Bo Rush scores
|
Batting: RHB Rijk de Rade
|
0-0: Ball 1-0: Called Strike 1-1: Ball 2-1: Foul Ball, location: 2F 2-2: Ball 3-2: Base on Balls
|
Batting: LHB Raúl Casillán
|
0-0: Ball 1-0: Called Strike 1-1: SINGLE (Groundball, 3L) Rijk de Rade to second Runner from 2nd tries for 3rd, SAFE, throw made to third Raúl Casillán to second
|
Batting: LHB José Liñares
|
0-0: Ball 1-0: Called Strike 1-1: Hit by Pitch
|
Batting: RHB César Rodríguez
|
0-0: Ball 1-0: Ball 2-0: Called Strike 2-1: Ball 3-1: Base on Balls Rijk de Rade scores Raúl Casillán to third José Liñares to second
|
Pitching: RHP Jesús Medina
|
|
Batting: LHB Russell Peck
|
0-0: Called Strike 0-1: Ball 1-1: Ball 2-1: Foul Ball, location: 2F 2-2: SINGLE (Line Drive, 4D) Raúl Casillán scores José Liñares to third César Rodríguez to second Runner from 3rd tries for Home, SAFE, no throw or cutoff
|
Batting: RHB Ben Fisher
|
0-0: Ball 1-0: Called Strike 1-1: Ball 2-1: Fly out, F3 (Popup, 34)
|
Top of the 4th over - 4 run(s), 4 hit(s), 0 error(s), 2 left on base; Saskatoon 7 - Colorado 1 |
BOTTOM OF THE 4TH |
Colorado Commanders batting - Pitching for Saskatoon Smokin' Guns : LHP Macy Catron
|
Batting: LHB José Diharce
|
0-0: Called Strike 0-1: Swinging Strike 0-2: SINGLE (Line Drive, 5D)
|
Batting: RHB Nick Crosby
|
0-0: SINGLE (Line Drive, 5D) José Diharce to second
|
Batting: RHB Frank Martínez
|
0-0: Grounds into double play, 6-4-3 (Groundball, 6M) José Diharce to third
|
Batting: RHB Tony Barton
|
0-0: Ball 1-0: Ball 2-0: Swinging Strike 2-1: SINGLE (Groundball, 34D) José Diharce scores
|
Batting: RHB Randall Luna
|
0-0: Ball 1-0: Ball 2-0: Ball 3-0: Called Strike 3-1: Ground out 5-3 (Groundball, 5)
|
Bottom of the 4th over - 1 run(s), 3 hit(s), 0 error(s), 1 left on base; Saskatoon 7 - Colorado 2 |
TOP OF THE 5TH |
Saskatoon Smokin' Guns batting - Pitching for Colorado Commanders : RHP Jesús Medina
|
Batting: LHB Bo Rush
|
0-0: Called Strike 0-1: Ball 1-1: Called Strike 1-2: Strikes out looking
|
Batting: RHB Zack Flint
|
0-0: Hit by Pitch
|
Batting: LHB Alejandro Rojas
|
0-0: Ball 1-0: Called Strike 1-1: Fly out, F8 (Flyball, 8RS)
|
Batting: RHB Rijk de Rade
|
0-0: Ball 1-0: Called Strike 1-1: Ball 2-1: Ball 3-1: Base on Balls Zack Flint to second
|
Batting: LHB Raúl Casillán
|
0-0: Ball 1-0: Foul Ball, location: 2F 1-1: Swinging Strike 1-2: Strikes out swinging
|
Top of the 5th over - 0 run(s), 0 hit(s), 0 error(s), 2 left on base; Saskatoon 7 - Colorado 2 |
BOTTOM OF THE 5TH |
Colorado Commanders batting - Pitching for Saskatoon Smokin' Guns : LHP Macy Catron
|
Batting: RHB Chris Rice
|
0-0: Ball 1-0: Ball 2-0: Ball 3-0: Called Strike 3-1: SINGLE (Groundball, 5D)
|
Batting: RHB David Ward
|
0-0: Called Strike 0-1: Called Strike 0-2: Ball 1-2: Foul Ball, location: 2F 1-2: Ground out 5-3 (Groundball, 56S) Chris Rice to second
|
Batting: RHB Carlos Hernández
|
0-0: Ball 1-0: Ball 2-0: Called Strike 2-1: Foul Ball, location: 2F 2-2: 2-RUN HOME RUN (Flyball, 78XD), Distance : 403 ft
|
Batting: RHB Adam Reeves
|
0-0: Ball 1-0: Ball 2-0: Called Strike 2-1: Ball 3-1: Swinging Strike 3-2: SINGLE (Line Drive, 56)
|
Batting: LHB José Diharce
|
0-0: Called Strike 0-1: Ball 1-1: Ball 2-1: Called Strike 2-2: Fly out, F8 (Flyball, 8LM)
|
Batting: RHB Nick Crosby
|
0-0: Swinging Strike 0-1: Ball 1-1: DOUBLE (Line Drive, 7LM) Adam Reeves to third
|
Batting: RHB Frank Martínez
|
0-0: Ball 1-0: Ball 2-0: Fly out, F7 (Line Drive, 7M)
|
Bottom of the 5th over - 2 run(s), 4 hit(s), 0 error(s), 2 left on base; Saskatoon 7 - Colorado 4 |
TOP OF THE 6TH |
Saskatoon Smokin' Guns batting - Pitching for Colorado Commanders : RHP Jesús Medina
|
Batting: LHB José Liñares
|
0-0: Called Strike 0-1: SINGLE (Line Drive, 56)
|
Batting: RHB César Rodríguez
|
0-0: Ball 1-0: Foul Ball, location: 2F 1-1: Ball 2-1: Swinging Strike 2-2: Ball 3-2: Foul Ball, location: 2F 3-2: Strikes out swinging
|
Batting: LHB Russell Peck
|
0-0: Called Strike 0-1: Fly out, F8 (Popup, 4MD)
|
Batting: RHB Ben Fisher
|
0-0: Called Strike 0-1: Swinging Strike 0-2: Ball 1-2: Ball 2-2: Strikes out swinging
|
Top of the 6th over - 0 run(s), 1 hit(s), 0 error(s), 1 left on base; Saskatoon 7 - Colorado 4 |
BOTTOM OF THE 6TH |
Colorado Commanders batting - Pitching for Saskatoon Smokin' Guns : LHP Macy Catron
|
Pitching: LHP Ernesto Pérez
|
|
Batting: RHB Tony Barton
|
0-0: Ball 1-0: Called Strike 1-1: Swinging Strike 1-2: Foul Ball, location: 2F 1-2: Foul Ball, location: 2F 1-2: Foul Ball, location: 2F 1-2: Strikes out swinging
|
Batting: RHB Randall Luna
|
0-0: Ball 1-0: Called Strike 1-1: Foul Ball, location: 2F 1-2: Strikes out swinging
|
Batting: RHB Chris Rice
|
0-0: Ball 1-0: Called Strike 1-1: Ball 2-1: Swinging Strike 2-2: Foul Ball, location: 2F 2-2: Strikes out swinging
|
Bottom of the 6th over - 0 run(s), 0 hit(s), 0 error(s), 0 left on base; Saskatoon 7 - Colorado 4 |
TOP OF THE 7TH |
Saskatoon Smokin' Guns batting - Pitching for Colorado Commanders : RHP Jesús Medina
|
Pitching: RHP Bill Davis
|
|
Batting: LHB Bo Rush
|
0-0: Called Strike 0-1: Swinging Strike 0-2: Fly out, F7 (Flyball, 7M)
|
Batting: RHB Zack Flint
|
0-0: Called Strike 0-1: Ball 1-1: Ball 2-1: Foul Ball, location: 2F 2-2: Strikes out looking
|
Batting: LHB Alejandro Rojas
|
0-0: Called Strike 0-1: Ball 1-1: Fly out, F4 (Popup, 4MD)
|
Top of the 7th over - 0 run(s), 0 hit(s), 0 error(s), 0 left on base; Saskatoon 7 - Colorado 4 |
BOTTOM OF THE 7TH |
Colorado Commanders batting - Pitching for Saskatoon Smokin' Guns : LHP Ernesto Pérez
|
Batting: RHB David Ward
|
0-0: Ball 1-0: Ball 2-0: Ground out 6-3 (Groundball, 6)
|
Batting: RHB Carlos Hernández
|
0-0: Ball 1-0: Ground out 5-3 (Groundball, 5L)
|
Batting: RHB Adam Reeves
|
0-0: SOLO HOME RUN (Flyball, 9D), Distance : 379 ft
|
Batting: LHB José Diharce
|
0-0: Swinging Strike 0-1: Ball 1-1: Called Strike 1-2: Strikes out swinging
|
Bottom of the 7th over - 1 run(s), 1 hit(s), 0 error(s), 0 left on base; Saskatoon 7 - Colorado 5 |
TOP OF THE 8TH |
Saskatoon Smokin' Guns batting - Pitching for Colorado Commanders : RHP Bill Davis
|
Batting: RHB Rijk de Rade
|
0-0: Swinging Strike 0-1: Ball 1-1: Swinging Strike 1-2: Foul Ball, location: 2F 1-2: SINGLE (Flyball, 4MD)
|
Batting: LHB Raúl Casillán
|
0-0: Ball 1-0: Called Strike 1-1: Foul Ball, location: 2F 1-2: Strikes out swinging
|
Batting: LHB José Liñares
|
0-0: Ball 1-0: Ball Rijk de Rade steals 2nd base 2-0: Intentional Walk
|
Batting: RHB César Rodríguez
|
0-0: Ball 1-0: Ball 2-0: SINGLE (Groundball, 56D) Rijk de Rade to third José Liñares to second Runner from 3rd tries for Home, SAFE, no throw or cutoff
|
Batting: LHB Russell Peck
|
0-0: Fly out, F7 (Flyball, 78M)
|
Pitching: RHP Tomás Rodríguez
|
|
Batting: RHB Ben Fisher
|
0-0: Ball 1-0: Fly out, F9 (Flyball, 9S)
|
Top of the 8th over - 1 run(s), 2 hit(s), 0 error(s), 2 left on base; Saskatoon 8 - Colorado 5 |
BOTTOM OF THE 8TH |
Colorado Commanders batting - Pitching for Saskatoon Smokin' Guns : LHP Ernesto Pérez
|
Pitching: RHP Bernardo García
|
|
Batting: RHB Nick Crosby
|
0-0: Called Strike 0-1: Foul Ball, location: 2F 0-2: Ball 1-2: Ball 2-2: Ball 3-2: Foul Ball, location: 2F 3-2: Foul Ball, location: 2F 3-2: Foul Ball, location: 2F 3-2: Base on Balls
|
Pitching: RHP Denny Koch
|
|
Batting: RHB Frank Martínez
|
0-0: Ball 1-0: Swinging Strike 1-1: Foul Ball, location: 2F 1-2: Strikes out swinging
|
Batting: RHB Tony Barton
|
0-0: Ball 1-0: Called Strike 1-1: Ball 2-1: Grounds into double play, 3-6-1 (Groundball, 3)
|
Bottom of the 8th over - 0 run(s), 0 hit(s), 0 error(s), 0 left on base; Saskatoon 8 - Colorado 5 |
TOP OF THE 9TH |
Saskatoon Smokin' Guns batting - Pitching for Colorado Commanders : RHP Tomás Rodríguez
|
Batting: LHB Bo Rush
|
0-0: Called Strike 0-1: Ball 1-1: Swinging Strike 1-2: Strikes out swinging, 2-3 out at first.
|
Batting: RHB Zack Flint
|
0-0: Ball 1-0: Ball 2-0: Swinging Strike 2-1: Ball 3-1: SINGLE (Groundball, 56D)
|
Batting: LHB Alejandro Rojas
|
0-0: Ball 1-0: Called Strike 1-1: Ball 2-1: Foul Ball, location: 2F 2-2: Ball 3-2: SINGLE (Groundball, 56) Zack Flint to second
|
Batting: RHB Rijk de Rade
|
0-0: Grounds into double play, 6-4-3 (Groundball, 6)
|
Top of the 9th over - 0 run(s), 2 hit(s), 0 error(s), 1 left on base; Saskatoon 8 - Colorado 5 |
BOTTOM OF THE 9TH |
Colorado Commanders batting - Pitching for Saskatoon Smokin' Guns : RHP Denny Koch
|
Pitching: RHP Melvin Hicks
|
|
Batting: RHB Randall Luna
|
0-0: Called Strike 0-1: Ball 1-1: Ball 2-1: Ball 3-1: Base on Balls
|
Batting: RHB Chris Rice
|
0-0: Ground out 4-3 (Groundball, 4M) Randall Luna to second
|
Batting: RHB David Ward
|
0-0: Ball 1-0: Ball 2-0: Called Strike 2-1: Ball 3-1: Foul Ball, location: 2F 3-2: Base on Balls
|
Pinch Hitting: LHB Arturo Rodledo
|
0-0: Grounds into double play, 4-6-3 (Groundball, 4)
|
Bottom of the 9th over - 0 run(s), 0 hit(s), 0 error(s), 1 left on base; Saskatoon 8 - Colorado 5 |
|